TOP OF THE 1ST |
University of Maine Black Bears batting - Pitching for Oregon State University Beavers : RHP Mike Randell
|
Pitching: RHP Mike Randell
|
|
Batting: RHB Wataru Tani
|
0-0: Bunt for hit to 13S - play at first, batter OUT! 1-3
|
Batting: RHB Juan Bonilla
|
0-0: Called Strike 0-1: Ball 1-1: Ball 2-1: Fly out, F6 (Popup, 6, EV 75.0 MPH)
|
Batting: RHB Enrique Gomez
|
0-0: Ball 1-0: Ground out 6-3 (Groundball, 6, EV 96.9 MPH)
|
Top of the 1st over - 0 runs, 0 hits, 0 errors, 0 left on base; University of Maine 0 - Oregon State University 0 |
BOTTOM OF THE 1ST |
Oregon State University Beavers batting - Pitching for University of Maine Black Bears : RHP Aaron Blackwell
|
Pitching: RHP Aaron Blackwell
|
|
Batting: RHB Seth Fox
|
0-0: Foul Ball, location: 2F 0-1: Ground out 6-3 (Groundball, 6, EV 88.1 MPH)
|
Batting: RHB Roger Mitchell
|
0-0: Fly out, F7 (Flyball, 78D, EV 98.1 MPH)
|
Batting: LHB Karel Hort
|
0-0: Swinging Strike 0-1: Ball 1-1: Swinging Strike 1-2: Ball 2-2: Ground out 1-3 (Groundball, 13S, EV 70.6 MPH)
|
Bottom of the 1st over - 0 runs, 0 hits, 0 errors, 0 left on base; University of Maine 0 - Oregon State University 0 |
TOP OF THE 2ND |
University of Maine Black Bears batting - Pitching for Oregon State University Beavers : RHP Mike Randell
|
Batting: RHB Alvin Garcia
|
0-0: Ball 1-0: Foul Ball, location: 2F 1-1: Ball 2-1: Ground out 5-3 (Groundball, 56, EV 82.5 MPH)
|
Batting: RHB Ruben Domingues
|
0-0: Ball 1-0: Called Strike 1-1: Foul Ball, location: 2F 1-2: Strikes out swinging
|
Batting: SHB Terrence Bryant
|
0-0: Ball 1-0: Foul Ball, location: 2F 1-1: Foul Ball, location: 2F 1-2: Strikes out swinging
|
Top of the 2nd over - 0 runs, 0 hits, 0 errors, 0 left on base; University of Maine 0 - Oregon State University 0 |
BOTTOM OF THE 2ND |
Oregon State University Beavers batting - Pitching for University of Maine Black Bears : RHP Aaron Blackwell
|
Batting: RHB Xavier Williams
|
0-0: Called Strike 0-1: Called Strike 0-2: Strikes out swinging
|
Batting: RHB Mario Avila
|
0-0: Ball 1-0: SINGLE (Flyball, 8RS, EV 86.2 MPH)
|
Pitching: RHP Mark Frizzell
|
|
Batting: RHB Austin Sweetman
|
0-0: Ball 1-0: Ball 2-0: Called Strike 2-1: Ball 3-1: SINGLE (Flyball, 56D, EV 90.6 MPH) Mario Avila to second
|
Batting: LHB Borislav Draganov
|
0-0: Called Strike 0-1: Swinging Strike 0-2: Ground out 3-1 (Groundball, 13, EV 84.4 MPH) Mario Avila to third Austin Sweetman to second
|
Batting: RHB Gustavo Diaz
|
0-0: Ball 1-0: Ball 2-0: Ball 3-0: Called Strike 3-1: Base on Balls
|
Pinch Hitting: RHB Itocravo Arrochela
|
0-0: Ball 1-0: GRAND SLAM HOME RUN (Line Drive, 78XD, EV 105.6 MPH), Distance : 431 ft
|
Pitching: RHP Tim Croom
|
|
Batting: RHB Seth Fox
|
0-0: Called Strike 0-1: Foul Ball, location: 2F 0-2: Foul Ball, location: 2F 0-2: Ground out 5-3 (Groundball, 5S, EV 75.6 MPH)
|
Bottom of the 2nd over - 4 runs, 3 hits, 0 errors, 0 left on base; University of Maine 0 - Oregon State University 4 |
TOP OF THE 3RD |
University of Maine Black Bears batting - Pitching for Oregon State University Beavers : RHP Mike Randell
|
Now at SS: Itocravo Arrochela
|
|
Batting: RHB Yoshitoshi Mori
|
0-0: Called Strike 0-1: Swinging Strike 0-2: Ball 1-2: Strikes out swinging
|
Batting: RHB Clark Meagher
|
0-0: Ball 1-0: Foul Ball, location: 2F 1-1: Called Strike 1-2: SOLO HOME RUN (Flyball, 78XD, EV 101.2 MPH), Distance : 420 ft
|
Batting: RHB Jeff McClellan
|
0-0: Foul Ball, location: 2F 0-1: Ball 1-1: Ball 2-1: Ball 3-1: Ground out 6-3 (Groundball, 6S, EV 85.6 MPH)
|
Batting: RHB Wataru Tani
|
0-0: Called Strike 0-1: Ball 1-1: Foul Ball, location: 2F 1-2: Ground out 3-1 (Groundball, 34S, EV 80.0 MPH)
|
Top of the 3rd over - 1 run, 1 hit, 0 errors, 0 left on base; University of Maine 1 - Oregon State University 4 |
BOTTOM OF THE 3RD |
Oregon State University Beavers batting - Pitching for University of Maine Black Bears : RHP Tim Croom
|
Batting: RHB Roger Mitchell
|
0-0: Fly out, F8 (Flyball, 8RD, EV 100.0 MPH)
|
Batting: LHB Karel Hort
|
0-0: Ground out 6-3 (Groundball, 6M, EV 85.0 MPH)
|
Batting: RHB Xavier Williams
|
0-0: Ball 1-0: Ground out 1-3 (Groundball, 34S, EV 73.1 MPH)
|
Bottom of the 3rd over - 0 runs, 0 hits, 0 errors, 0 left on base; University of Maine 1 - Oregon State University 4 |
TOP OF THE 4TH |
University of Maine Black Bears batting - Pitching for Oregon State University Beavers : RHP Mike Randell
|
Batting: RHB Juan Bonilla
|
0-0: Ball 1-0: Ball 2-0: SINGLE (Line Drive, 7S, EV 104.4 MPH)
|
Batting: RHB Enrique Gomez
|
0-0: SINGLE (Groundball, 6M, EV 83.1 MPH) (infield hit) Juan Bonilla to second
|
Batting: RHB Alvin Garcia
|
0-0: Swinging Strike 0-1: Ball 1-1: Ball 2-1: Fielders Choice at 2nd, 6-4 (Groundball, 6S, EV 88.1 MPH) Juan Bonilla to third
|
Batting: RHB Ruben Domingues
|
0-0: Fly out, F8 (Flyball, 8LM, EV 91.2 MPH) Runner from 3rd tags up, SCORES, throw by CF
|
Batting: SHB Terrence Bryant
|
0-0: Called Strike 0-1: Ball 1-1: Swinging Strike 1-2: Foul Ball, location: 2F 1-2: Strikes out looking
|
Top of the 4th over - 1 run, 2 hits, 0 errors, 1 left on base; University of Maine 2 - Oregon State University 4 |
BOTTOM OF THE 4TH |
Oregon State University Beavers batting - Pitching for University of Maine Black Bears : RHP Tim Croom
|
Batting: RHB Mario Avila
|
0-0: Swinging Strike 0-1: Fly out, F9 (Flyball, 9LD, EV 86.9 MPH)
|
Batting: RHB Austin Sweetman
|
0-0: Foul Ball, location: 2F 0-1: Called Strike 0-2: Strikes out swinging
|
Batting: LHB Borislav Draganov
|
0-0: Ball 1-0: Ball 2-0: Called Strike 2-1: Swinging Strike 2-2: Foul Ball, location: 2F 2-2: Ball 3-2: Base on Balls
|
Batting: RHB Gustavo Diaz
|
0-0: Called Strike 0-1: Foul Ball, location: 2F 0-2: Ball 1-2: Strikes out looking
|
Bottom of the 4th over - 0 runs, 0 hits, 0 errors, 1 left on base; University of Maine 2 - Oregon State University 4 |
TOP OF THE 5TH |
University of Maine Black Bears batting - Pitching for Oregon State University Beavers : RHP Mike Randell
|
Batting: RHB Yoshitoshi Mori
|
0-0: Called Strike 0-1: Foul Ball, location: 2F 0-2: Strikes out looking
|
Batting: RHB Clark Meagher
|
0-0: Called Strike 0-1: Called Strike 0-2: Ball 1-2: Foul Ball, location: 2F 1-2: Strikes out swinging
|
Batting: RHB Jeff McClellan
|
0-0: Ball 1-0: Swinging Strike 1-1: Foul Ball, location: 2F 1-2: SINGLE (Line Drive, 8RS, EV 92.5 MPH)
|
Batting: RHB Wataru Tani
|
0-0: Ground out 4-3 (Groundball, 34, EV 102.5 MPH)
|
Top of the 5th over - 0 runs, 1 hit, 0 errors, 1 left on base; University of Maine 2 - Oregon State University 4 |
BOTTOM OF THE 5TH |
Oregon State University Beavers batting - Pitching for University of Maine Black Bears : RHP Tim Croom
|
Batting: RHB Itocravo Arrochela
|
0-0: Called Strike 0-1: Foul Ball, location: 2F 0-2: Strikes out swinging
|
Batting: RHB Seth Fox
|
0-0: Called Strike 0-1: SINGLE (Groundball, 4MD, EV 110.0 MPH)
|
Batting: RHB Roger Mitchell
|
0-0: Foul Ball, location: 2F 0-1: DOUBLE (Line Drive, 89D, EV 104.4 MPH) Seth Fox to third
|
Batting: LHB Karel Hort
|
0-0: Ball 1-0: Foul Ball, location: 2F 1-1: Called Strike 1-2: Ground out 4-3 (Groundball, 4, EV 106.9 MPH)
|
Batting: RHB Xavier Williams
|
0-0: Ball 1-0: Ball 2-0: Ground out 6-3 (Groundball, 6M, EV 106.9 MPH)
|
Bottom of the 5th over - 0 runs, 2 hits, 0 errors, 2 left on base; University of Maine 2 - Oregon State University 4 |
TOP OF THE 6TH |
University of Maine Black Bears batting - Pitching for Oregon State University Beavers : RHP Mike Randell
|
Batting: RHB Juan Bonilla
|
0-0: SINGLE (Line Drive, 9S, EV 86.9 MPH)
|
Batting: RHB Enrique Gomez
|
0-0: Called Strike 0-1: Fly out, F7 (Flyball, 7D, EV 108.1 MPH)
|
Pinch Hitting: RHB Ignacio Zapata
|
0-0: Foul Ball, location: 2F 0-1: Ball 1-1: Ball 2-1: Ball 3-1: Base on Balls Juan Bonilla to second
|
Pinch Runner at 2nd Ivan Navar:
|
|
Batting: RHB Ruben Domingues
|
0-0: Called Strike 0-1: Ball 1-1: Foul Ball, location: 2F 1-2: Fly out, F8 (Flyball, 8RD, EV 106.2 MPH)
|
Pitching: RHP Josue Rubio
|
|
Batting: SHB Terrence Bryant
|
0-0: Called Strike 0-1: Swinging Strike 0-2: Ball 1-2: Ball 2-2: Foul Ball, location: 2F 2-2: Foul Ball, location: 2F 2-2: Strikes out swinging
|
Top of the 6th over - 0 runs, 1 hit, 0 errors, 2 left on base; University of Maine 2 - Oregon State University 4 |
BOTTOM OF THE 6TH |
Oregon State University Beavers batting - Pitching for University of Maine Black Bears : RHP Tim Croom
|
Now at 1B: Jesus Escobedo
|
|
Batting: RHB Mario Avila
|
0-0: Called Strike 0-1: Ground out 6-3 (Groundball, 6S, EV 80.6 MPH)
|
Pitching: RHP Jim Unknown
|
|
Batting: RHB Austin Sweetman
|
0-0: Ball 1-0: Called Strike 1-1: Ball 2-1: Ball 3-1: Swinging Strike 3-2: Base on Balls
|
Batting: LHB Borislav Draganov
|
0-0: Foul Ball, location: 2F 0-1: Ball 1-1: Ball 2-1: Foul Ball, location: 2F 2-2: Foul Ball, location: 2F 2-2: Ball 3-2: Base on Balls Austin Sweetman to second
|
Batting: RHB Gustavo Diaz
|
0-0: Ball 1-0: Fielders Choice at 2nd, 5-4 (Groundball, 5S, EV 91.9 MPH) Austin Sweetman to third
|
Batting: RHB Itocravo Arrochela
|
0-0: Ball 1-0: Ball 2-0: Ball 3-0: Base on Balls Gustavo Diaz to second
|
Batting: RHB Seth Fox
|
0-0: Ball 1-0: Foul Ball, location: 2F 1-1: Foul Ball, location: 2F 1-2: Ball 2-2: Foul Ball, location: 2F 2-2: Hit by Pitch Austin Sweetman scores Gustavo Diaz to third Itocravo Arrochela to second
|
Batting: RHB Roger Mitchell
|
0-0: TRIPLE (Flyball, 89XD, EV 101.2 MPH) Gustavo Diaz scores Itocravo Arrochela scores Seth Fox scores
|
Batting: LHB Karel Hort
|
0-0: SINGLE (Groundball, 56S, EV 70.0 MPH) (infield hit) Roger Mitchell scores
|
Pitching: RHP Jim Unknown
|
|
Batting: RHB Xavier Williams
|
0-0: Foul Ball, location: 2F 0-1: Ball 1-1: SINGLE (Groundball, 34S, EV 66.2 MPH) (infield hit) Karel Hort to second
|
Batting: RHB Mario Avila
|
0-0: Swinging Strike 0-1: Ball 1-1: Fielders Choice at 2nd, 5-4 (Groundball, 56, EV 86.9 MPH)
|
Bottom of the 6th over - 5 runs, 3 hits, 0 errors, 2 left on base; University of Maine 2 - Oregon State University 9 |
TOP OF THE 7TH |
University of Maine Black Bears batting - Pitching for Oregon State University Beavers : RHP Josue Rubio
|
Batting: RHB Yoshitoshi Mori
|
0-0: Foul Ball, location: 2F 0-1: Foul Ball, location: 2F 0-2: Ball 1-2: Foul Ball, location: 2F 1-2: Foul Ball, location: 2F 1-2: Ball 2-2: Foul Ball, location: 2F 2-2: Foul Ball, location: 2F 2-2: Ball 3-2: Fly out, F8 (Flyball, 89XD, EV 93.1 MPH)
|
Batting: RHB Clark Meagher
|
0-0: Ball 1-0: Ball 2-0: Foul Ball, location: 2F 2-1: Ball 3-1: Reached via error on a dropped throw from 3B, E3 (Groundball, 56, EV 104.4 MPH)
|
Batting: RHB Jeff McClellan
|
0-0: Ball 1-0: SINGLE (Groundball, 56S, EV 68.8 MPH) (infield hit) Clark Meagher to second
|
Batting: RHB Wataru Tani
|
0-0: Ball 1-0: Reached on error, E6 (Groundball, 6, EV 94.4 MPH) Clark Meagher to third Jeff McClellan to second
|
Batting: RHB Ivan Navar
|
0-0: Ball 1-0: Ball 2-0: Foul Ball, location: 2F 2-1: Fielders Choice at 2nd, 6-4 (Groundball, 6S, EV 93.1 MPH) Clark Meagher scores Jeff McClellan to third
|
Pinch Hitting: RHB Eddie Dimas
|
0-0: Called Strike 0-1: Ball 1-1: Ball 2-1: Ball 3-1: Base on Balls Ivan Navar to second
|
Batting: RHB Jesus Escobedo
|
0-0: Ball 1-0: Ball 2-0: Ball 3-0: Called Strike 3-1: Reached on error, E8 (Flyball, 8RM, EV 85.6 MPH) Jeff McClellan scores Ivan Navar scores Eddie Dimas to third
|
Pitching: LHP Antonio Sandoval
|
|
Pinch Hitting: LHB Jeremy Nuzzo
|
0-0: Ball 1-0: Swinging Strike 1-1: Foul Ball, location: 2F 1-2: 3-RUN HOME RUN (Flyball, 9LD, EV 93.1 MPH), Distance : 345 ft
|
Batting: SHB Terrence Bryant
|
0-0: Foul Ball, location: 2F 0-1: Foul Ball, location: 2F 0-2: Strikes out swinging
|
Top of the 7th over - 6 runs, 2 hits, 3 errors, 0 left on base; University of Maine 8 - Oregon State University 9 |
BOTTOM OF THE 7TH |
Oregon State University Beavers batting - Pitching for University of Maine Black Bears : RHP Jim Unknown
|
Now in LF: Eddie Dimas
|
|
Now in RF: Jeremy Nuzzo
|
|
Batting: RHB Austin Sweetman
|
0-0: Ball 1-0: Ball 2-0: Ball 3-0: Called Strike 3-1: Base on Balls
|
Batting: LHB Borislav Draganov
|
0-0: Foul Ball, location: 2F 0-1: Foul Ball, location: 2F 0-2: Fielders Choice at 2nd, 4-6 (Groundball, 4, EV 103.1 MPH)
|
Batting: RHB Gustavo Diaz
|
0-0: Ball 1-0: Ball 2-0: Called Strike 2-1: Ball 3-1: SINGLE (Line Drive, 89S, EV 106.9 MPH) Borislav Draganov to second
|
Batting: RHB Itocravo Arrochela
|
0-0: DOUBLE (Line Drive, 78XD, EV 106.9 MPH) Borislav Draganov scores Gustavo Diaz to third
|
Batting: RHB Seth Fox
|
0-0: Reached on error, E7 (Flyball, 78D, EV 103.1 MPH) Gustavo Diaz scores Itocravo Arrochela scores
|
Batting: RHB Roger Mitchell
|
0-0: Fly out, F8 (Flyball, 8RS, EV 90.6 MPH)
|
Batting: LHB Karel Hort
|
0-0: Intentional Walk
|
Batting: RHB Xavier Williams
|
0-0: Ball 1-0: Called Strike 1-1: Ball 2-1: Ball 3-1: Base on Balls Seth Fox to third Karel Hort to second
|
Batting: RHB Mario Avila
|
0-0: Fielders Choice at 2nd, 6-4 (Groundball, 6, EV 81.2 MPH)
|
Bottom of the 7th over - 3 runs, 2 hits, 1 error, 3 left on base; University of Maine 8 - Oregon State University 12 |
TOP OF THE 8TH |
University of Maine Black Bears batting - Pitching for Oregon State University Beavers : LHP Antonio Sandoval
|
Batting: RHB Yoshitoshi Mori
|
0-0: Ball 1-0: Ball 2-0: Ball 3-0: Called Strike 3-1: Swinging Strike 3-2: Base on Balls
|
Batting: RHB Clark Meagher
|
0-0: Grounds into double play, 6-4-3 (Groundball, 6S, EV 90.6 MPH)
|
Batting: RHB Jeff McClellan
|
0-0: Fly out, F9 (Line Drive, 9D, EV 91.9 MPH)
|
Top of the 8th over - 0 runs, 0 hits, 0 errors, 0 left on base; University of Maine 8 - Oregon State University 12 |
BOTTOM OF THE 8TH |
Oregon State University Beavers batting - Pitching for University of Maine Black Bears : RHP Jim Unknown
|
Batting: RHB Austin Sweetman
|
0-0: Called Strike 0-1: Fly out, F9 (Flyball, 89S, EV 84.4 MPH)
|
Batting: LHB Borislav Draganov
|
0-0: Ball 1-0: Called Strike 1-1: SINGLE (Line Drive, 9S, EV 107.5 MPH)
|
Batting: RHB Gustavo Diaz
|
0-0: Ball 1-0: Foul Ball, location: 2F 1-1: Ball 2-1: Swinging Strike 2-2: Ball 3-2: Base on Balls Borislav Draganov to second
|
Batting: RHB Itocravo Arrochela
|
0-0: Ball 1-0: Ball 2-0: Ball 3-0: Called Strike 3-1: Base on Balls Borislav Draganov to third Gustavo Diaz to second
|
Batting: RHB Seth Fox
|
0-0: Foul Ball, location: 2F 0-1: Fly out, F8 (Line Drive, 8LM, EV 92.5 MPH) Runner from 3rd tags up, SCORES, throw by CF
|
Batting: RHB Roger Mitchell
|
0-0: Foul Ball, location: 2F 0-1: Ball 1-1: Ball 2-1: Called Strike 2-2: Foul Ball, location: 2F 2-2: Ball 3-2: Base on Balls Gustavo Diaz to third Itocravo Arrochela to second
|
Batting: LHB Karel Hort
|
0-0: Called Strike 0-1: SINGLE (Line Drive, 9S, EV 107.5 MPH) Gustavo Diaz scores Itocravo Arrochela to third Roger Mitchell to second
|
Pitching: LHP Jim Unknown
|
|
Batting: RHB Xavier Williams
|
0-0: GRAND SLAM HOME RUN (Flyball, 7LD, EV 95.6 MPH), Distance : 353 ft
|
Batting: RHB Mario Avila
|
0-0: SINGLE (Line Drive, 7LM, EV 101.9 MPH)
|
Batting: RHB Austin Sweetman
|
0-0: Ball 1-0: Ball 2-0: Called Strike 2-1: Called Strike 2-2: Fielders Choice at 2nd, 6-4 (Groundball, 56, EV 82.5 MPH)
|
Bottom of the 8th over - 6 runs, 4 hits, 0 errors, 1 left on base; University of Maine 8 - Oregon State University 18 |
TOP OF THE 9TH |
University of Maine Black Bears batting - Pitching for Oregon State University Beavers : LHP Antonio Sandoval
|
Batting: RHB Wataru Tani
|
0-0: Ball 1-0: Foul Ball, location: 2F 1-1: Ball 2-1: Ground out 5-3 (Groundball, 5, EV 97.5 MPH)
|
Batting: RHB Ivan Navar
|
0-0: Fly out, F8 (Flyball, 8LD, EV 92.5 MPH)
|
Batting: RHB Eddie Dimas
|
0-0: Swinging Strike 0-1: SINGLE (Groundball, 6MD, EV 106.2 MPH)
|
Pinch Hitting: RHB Drew Coleman
|
0-0: Called Strike 0-1: Reached on error, E5 (Groundball, 5S, EV 77.5 MPH) Eddie Dimas to second
|
Pinch Hitting: RHB Konrad van Oosterhout
|
0-0: Foul Ball, location: 2F 0-1: Ball 1-1: Hit by Pitch Eddie Dimas to third Drew Coleman to second
|
Batting: SHB Terrence Bryant
|
0-0: Foul Ball, location: 2F 0-1: Ball 1-1: Foul Ball, location: 2F 1-2: Foul Ball, location: 2F 1-2: Strikes out swinging
|
Top of the 9th over - 0 runs, 1 hit, 1 error, 3 left on base; University of Maine 8 - Oregon State University 18 |
|